Cogmind - Beta 12 @@@ ROGUE MODE // 2023.06.06 @ 00:01:18 Player: Jimzor Result: Self-destructed Performance ------------- Evolutions (4) 2000 Regions Visited (7) 1400 Robots Destroyed (178) 890 Value Destroyed (4861) 4861 Prototype IDs (5) 100 Alien Tech Used (0) 0 Bonus (284) 284 TOTAL SCORE: 9535 Bonus ------- High Alert Combat Kills 284 Cogmind --------- Core Integrity 560/850 Matter 259/300 Energy 150/150 System Corruption 5% Temperature Cool (0) Movement Rolling (80) Location -6/Factory Parts ------- > --- POWER (1) -------- Micro Nuclear Core > --- PROPULSION (3) --- Wheel > --- UTILITY (8) ------ Coolant Injector Advanced Visual Processing Unit Improved Signal Interpreter Makeshift Salvage Targeting Computer > --- WEAPON (3) ------- Axe > --- INVENTORY (5) ---- Light Ion Engine Wheel Wheel Wheel Peak State ------------ > --- POWER ------------ Micro Nuclear Core > --- PROPULSION ------- Light Treads Light Treads Medium Treads > --- UTILITY ---------- Improved Heat Sink Large Storage Unit Gravity Neutralizer Advanced Visual Processing Unit Improved Sensor Array Improved Signal Interpreter Makeshift Salvage Targeting Computer Hardened Light Armor Plating > --- WEAPON ----------- Gatling Laser Gatling Laser Battle Cannon > --- INVENTORY -------- Light Ion Engine Fusion Compressor Gatling Laser Gatling Laser Gatling Laser Gatling Laser Grenade Launcher Remote Datajack Power Maul Axe [Rating: 48] Favorites ----------- Power Reinforced Ion Engine Engine Reinforced Ion Engine Power Core Micro Nuclear Core Propulsion Armored Treads Treads Armored Treads Wheel Wheel Hover Unit Cooled Aerolev Unit Utility Large Storage Unit Device Improved Terrain Scanner Storage Large Storage Unit Processor Improved Signal Interpreter Hackware Hacking Suite Protection Hardened Light Armor Plating Weapon Gatling Laser Energy Gun Gatling Laser Ballistic Gun Heavy Assault Rifle Ballistic Cannon Battle Cannon Launcher Grenade Launcher Slashing Weapon Axe Build | -11 -10 -9 -8 -7 -7 -7 -6 ------- Run | Jun Mat Mat Mat Fac Low Low Fac Slots Evolved 8 | . . 2 2 2 . . 2 Power . | . . . . . . . . Propulsion 1 | . . . . 1 . . . Utility 6 | . . 2 2 . . . 2 Weapon 1 | . . . . 1 . . . Parts Attached 155 | 8 17 17 25 38 5 8 37 Power 14 | 1 2 1 1 3 1 1 4 Engine 12 | 1 2 1 1 3 1 1 2 Core 2 | . . . . . . . 2 Reactor . | . . . . . . . . Propulsion 32 | 2 7 2 3 5 2 2 9 Treads 16 | . . 2 3 5 2 2 2 Leg . | . . . . . . . . Wheel 15 | 2 7 . . . . . 6 Hover 1 | . . . . . . . 1 Flight . | . . . . . . . . Utility 44 | 2 2 4 13 12 1 2 8 Device 24 | 1 . . 8 6 1 . 8 Storage 2 | 1 1 . . . . . . Processor 8 | . 1 1 2 3 . 1 . Hackware 3 | . . . 3 . . . . Protection 7 | . . 3 . 3 . 1 . Artifact . | . . . . . . . . Weapon 65 | 3 6 10 8 18 1 3 16 Energy Gun 35 | 2 3 5 5 10 . . 10 Energy Cannon . | . . . . . . . . Ballistic Gun 16 | 1 2 3 2 4 1 1 2 Ballistic Cannon 2 | . . . . . . 1 1 Launcher 4 | . 1 1 . 1 . 1 . Special Weapon . | . . . . . . . . Impact Weapon . | . . . . . . . . Slashing Weapon 8 | . . 1 1 3 . . 3 Piercing Weapon . | . . . . . . . . Special Melee Weapon . | . . . . . . . . Unidentified Prototypes 5 | . . . 2 . . . 3 Parts Lost 45 | . 4 4 1 12 . 7 17 Power 4 | . . . . 2 . 2 . Propulsion 15 | . 3 . . 5 . 2 5 Utility 12 | . 1 1 . 3 . 2 5 Weapon 14 | . . 3 1 2 . 1 7 Highest Loss Streak 7 | . 1 2 1 4 . 4 7 To Critical Strikes . | . . . . . . . . Average Slot Usage (%) 95 | . 97 98 100 99 99 82 77 Engine 7 | . 14 11 9 6 7 4 1 Treads 16 | . . 18 18 22 23 19 12 Wheel 5 | . 27 3 . . . . 5 Device 9 | . 3 . 15 13 7 . 9 Storage 8 | . 14 11 9 7 7 7 3 Processor 20 | . 9 22 24 23 23 23 20 Protection 3 | . . 11 . 1 7 9 3 Energy Gun 15 | . 13 9 15 19 22 7 7 Ballistic Gun 4 | . 13 10 2 2 . 2 1 Naked Turns . | . . . . . . . . Heaviest Build 52 | 15 35 39 40 52 45 50 44 Greatest Support 76 | 20 20 40 40 63 71 76 68 Greatest Overweight (x) 3 | 2 3 1 . 1 . . 1 Average Overweight (x) . | . . . . . . . . Largest Inventory Capacity 15 | 8 15 15 15 15 15 15 15 Average Capacity 13 | 7 12 15 15 15 15 15 10 Most Carried 15 | 8 15 15 15 15 14 14 11 Average Carried 11 | 5 11 13 14 13 9 11 7 Final Capacity 15 | 8 15 15 15 15 15 15 5 Final Carried 15 | 8 15 15 15 10 14 9 4 Class Distribution -------------------- 39% | Scavenger-Skirmisher 22% | Mutant 14% | Scavenger-Mutant 14% | Skirmisher 3% | Scavenger-Assassin 3% | Tank Dominant Class ---------------- Mutant | -10/Materials Scavenger-Mutant | -9/Materials Scavenger-Skirmisher | -8/Materials Skirmisher | -7/Factory Scavenger-Skirmisher | -7/Lower Caves Scavenger-Mutant | -7/Lower Caves Scavenger-Mutant | -6/Factory Resources | -11 -10 -9 -8 -7 -7 -7 -6 ----------- Run | Jun Mat Mat Mat Fac Low Low Fac Matter Collected 2822 | 319 362 471 397 467 79 113 614 Remotely . | . . . . . . . . Salvage Created 6787 | 202 1036 864 1626 1297 322 189 1251 Parts 336 | 20 74 47 83 48 8 11 45 Haulers Intercepted 9 | . 1 1 6 1 . . . Recyclers Shooed 7 | 1 . . 3 1 . . 2 Parts Field Recycled . | . . . . . . . . Retrieved Matter . | . . . . . . . . Parts Self-Destructed 20 | . . . . . 11 9 . Prevented . | . . . . . . . . Kills | -11 -10 -9 -8 -7 -7 -7 -6 ------- Run | Jun Mat Mat Mat Fac Low Low Fac Combat Hostiles Destroyed 101 | . 20 19 23 22 2 7 8 Melee 1 | . . . . . . . 1 Guns 83 | . 19 16 23 17 2 3 3 Cannons 1 | . . . . . . . 1 AOE 12 | . 1 3 . 1 . 4 3 Classes Destroyed 15 | 3 6 2 1 1 2 . . Worker 19 | 2 4 1 . 3 . . 9 Builder 6 | . 2 . . 1 . . 3 Tunneler 11 | 5 2 . 1 . . . 3 Hauler 9 | . 1 1 6 1 . . . Recycler 14 | 1 1 1 3 4 . . 4 Minesweeper 1 | . . . . . 1 . . Operator 8 | . 3 2 2 1 . . . Watcher 9 | . 3 1 2 1 . . 2 Swarmer 22 | . 6 . 4 6 2 4 . Grunt 59 | . 14 15 14 8 . 3 5 Duelist 2 | . . 1 1 . . . . Sentry 12 | . . 3 3 5 . . 1 Hunter 1 | . . . 1 . . . . Programmer 5 | . . . . 3 . . 2 Decomposer 1 | . . . . . 1 . . Samaritan 1 | . . . . . 1 . . Best Kill Streak 8 | 4 7 5 8 7 2 4 6 Combat Bots Only 7 | . 5 5 7 6 2 4 3 Max Kills in Single Turn 3 | 2 2 2 2 2 1 2 3 Gunslinging 1 | . . . . . . 1 . Exploded 3 | . 1 2 . 1 . 2 3 Melee 1 | . . . . . . . 1 Uniques/NPCs Destroyed . | . . . . . . . . Combat | -11 -10 -9 -8 -7 -7 -7 -6 -------- Run | Jun Mat Mat Mat Fac Low Low Fac Damage Taken 7720 | 32 588 810 1047 2566 25 845 1807 Core 1236 | 16 104 65 179 382 13 187 290 Absorbed by Shields . | . . . . . . . . Redirected to Shielding 56 | . . 56 . . . . . Regen/Repaired (Parts) 280 | . . . . 27 . . 253 Core Remaining (%) 62 | 93 52 83 67 . . 16 . Volleys Fired 434 | 13 76 77 97 68 11 13 79 Largest 3 | 2 2 2 2 3 3 3 3 Hottest 240 | 60 63 88 125 240 240 160 240 Shots Fired 865 | 26 152 127 192 184 32 28 124 Gun 823 | 26 147 123 192 184 32 17 102 Cannon 29 | . . . . . . 7 22 Launcher 13 | . 5 4 . . . 4 . Special . | . . . . . . . . Kinetic 295 | 13 76 69 47 32 . 12 46 Thermal 448 | . . 32 142 152 32 12 78 Explosive 13 | . 5 4 . . . 4 . Electromagnetic 109 | 13 71 22 3 . . . . Robot Hit Streak 23 | 7 9 9 10 23 9 6 15 Robot Miss Streak 8 | 2 7 8 4 6 4 5 4 Penetration Max . | . . . . . . . . Secondary Targets 13 | . 2 3 4 3 . 1 . Max Gunslinging Chain 1 | . 1 1 1 1 . 1 . Shots Hit Robots 585 | 16 79 78 118 136 26 18 114 Core Hits 345 | 9 44 57 66 75 18 18 58 Critical Kills . | . . . . . . . . Critical Parts Destroyed 1 | . . 1 . . . . . Critical Strikes 17 | . . 1 4 5 . . 7 Burn 14 | . . . 4 5 . . 5 Destroy 1 | . . 1 . . . . . Blast 1 | . . . . . . . 1 Sever 1 | . . . . . . . 1 Melee Attacks 28 | . . 1 1 4 . . 22 Impact . | . . . . . . . . Slashing 28 | . . 1 1 4 . . 22 Piercing . | . . . . . . . . Sneak Attacks 8 | . . . . . . . 8 Combat Hostiles . | . . . . . . . . Follow-up Attacks . | . . . . . . . . Damage Inflicted 12779 | 303 1543 1617 2068 3086 402 570 3190 Guns 9761 | 188 1155 1132 2068 2828 402 320 1668 Cannons 314 | . . . . . . 59 255 Explosions 1939 | 115 388 485 . 258 . 191 502 Melee 765 | . . . . . . . 765 Ramming . | . . . . . . . . Kinetic 2814 | 57 592 561 523 506 . 101 474 Thermal 6815 | 115 99 550 1499 2423 402 278 1449 Explosive 1435 | . 289 296 . 157 . 191 502 Electromagnetic 950 | 131 563 210 46 . . . . Impact . | . . . . . . . . Slashing 765 | . . . . . . . 765 Piercing . | . . . . . . . . Highest Corruption 5 | . . . . 3 3 3 5 Average Corruption 2 | . . . . 2 3 3 4 Corruption Purged . | . . . . . . . . Corruption Blocked 8 | . . . . 8 . . . Effects 59 | . . . . 29 14 2 14 Message Errors 15 | . . . . 6 6 . 3 Matter Fused 16 | . . . . 5 3 2 6 Heat Flow Errors 5 | . . . . 4 . . 1 Energy Discharges 5 | . . . . 3 1 . 1 Parts Rejected 2 | . . . . 1 . . 1 Parts Fused 2 | . . . . 2 . . . Data Loss (minor) 5 | . . . . 3 2 . . Data Loss (major) 1 | . . . . . . . 1 Misfires 1 | . . . . 1 . . . Alerts 3 | . . . . 2 1 . . Weapon Failures 4 | . . . . 2 1 . 1 Overload Shots . | . . . . . . . . Overflow Damage 370 | . 49 124 . 76 . . 121 Projectiles . | . . . . . . . . Explosions 270 | . 49 124 . 76 . . 21 Melee 100 | . . . . . . . 100 Knockbacks 5 | . . . . . . . 5 Impact . | . . . . . . . . Kinetic 5 | . . . . . . . 5 Secondary . | . . . . . . . . Self-Inflicted Damage 564 | 32 91 169 . . . 43 229 Shots 12 | 1 3 3 . . . 2 3 Rammed . | . . . . . . . . Targets Rammed . | . . . . . . . . Kicked . | . . . . . . . . Crushed . | . . . . . . . . Highest Temperature 561 | 12 138 243 280 476 447 561 462 Average Temperature 99 | 12 35 63 90 136 167 222 110 Received Heat Transfer 2283 | . 198 282 513 705 . 171 414 Effects 17 | . . . . 9 1 6 1 Shutdowns 4 | . . . . 2 1 1 . Energy Bleed 3 | . . . . 1 . 1 1 Interference 5 | . . . . 5 . . . Matter Decay 1 | . . . . . . 1 . Short Circuit 1 | . . . . . . 1 . Damage (minor) 2 | . . . . 1 . 1 . Damage (core) 1 | . . . . . . 1 . Siege Activations . | . . . . . . . . Robots Corrupted . | . . . . . . . . Combat Hostiles . | . . . . . . . . Parts Fried 4 | 2 1 . 1 . . . . Impact Corruptions . | . . . . . . . . Robots Melted 4 | . . . . 4 . . . Combat Hostiles 4 | . . . . 4 . . . Parts Melted 37 | . . . 3 22 1 3 8 Heat Transferred 15338 | 200 150 723 3441 5424 925 625 3850 Parts Sabotaged . | . . . . . . . . Parts Stolen . | . . . . . . . . Parts Stripped . | . . . . . . . . Power Chain Reactions 7 | 2 3 2 . . . . . Missiles Intercepted . | . . . . . . . . Alert | -11 -10 -9 -8 -7 -7 -7 -6 ------- Run | Jun Mat Mat Mat Fac Low Low Fac Peak Influence 836 | 40 478 566 642 836 . . 280 Initial 291 | . 26 173 157 291 . . 167 Average 307 | 17 348 365 383 309 . . 170 Maximum Alert Level 3 | . 2 2 2 3 . . 1 Low Security (%) 31 | 100 11 5 8 44 . . 62 Level 1 37 | . 37 71 44 19 . . 37 Level 2 28 | . 51 23 46 27 . . . Level 3 2 | . . . . 7 . . . Level 4 . | . . . . . . . . Level 5 . | . . . . . . . . High Security . | . . . . . . . . Max Security . | . . . . . . . . Squads Dispatched 32 | . 6 3 3 15 . . 5 Investigation 12 | . 3 1 2 4 . . 2 Extermination 5 | . . . . 3 . . 2 Reinforcement 10 | . 3 2 1 3 . . 1 Assault 1 | . . . . 1 . . . Garrison 4 | . . . . 4 . . . Intercept . | . . . . . . . . Searches Triggered . | . . . . . . . . Construction Impeded 2 | . . 1 . . . . 1 Haulers Reinforced . | . . . . . . . . Active Scanning Responses . | . . . . . . . . Cargo Convoy Interrupts 1 | . . . . 1 . . . Stealth | -11 -10 -9 -8 -7 -7 -7 -6 --------- Run | Jun Mat Mat Mat Fac Low Low Fac Distress Signals 3 | . 1 1 1 . . . . Communications Jammed . | . . . . . . . . Distress Signals . | . . . . . . . . Times Spotted 161 | . 33 26 40 37 2 7 16 Peak Tracking Total 7 | . 7 5 5 5 2 4 4 Tactical Retreats 10 | . 1 . 2 4 . . 3 Traps | -11 -10 -9 -8 -7 -7 -7 -6 ------- Run | Jun Mat Mat Mat Fac Low Low Fac Traps Triggered 7 | . 5 1 . . . . 1 Indirectly . | . . . . . . . . Trap Hack Attempts . | . . . . . . . . Triggered . | . . . . . . . . Disarmed . | . . . . . . . . Reprogrammed . | . . . . . . . . Reused . | . . . . . . . . Traps Extracted . | . . . . . . . . Installed . | . . . . . . . . Triggered 6 | . . . . 2 4 . . Machines | -11 -10 -9 -8 -7 -7 -7 -6 ---------- Run | Jun Mat Mat Mat Fac Low Low Fac Machines Disabled 28 | . 4 4 2 14 . . 4 Max in Single Turn 9 | . 1 2 1 9 . . 4 Garrison Access 1 | . . . . 1 . . . Machines Repaired . | . . . . . . . . Machines Sabotaged . | . . . . . . . . Overloaded Fab Kills . | . . . . . . . . Hacking | -11 -10 -9 -8 -7 -7 -7 -6 --------- Run | Jun Mat Mat Mat Fac Low Low Fac Machines Accessed 32 | . 3 11 6 7 1 . 4 Terminals 24 | . 3 8 5 5 . . 3 Fabricators . | . . . . . . . . Repair Stations 3 | . . 1 . 1 . . 1 Recycling Units 2 | . . 1 . 1 . . . Scanalyzers 2 | . . 1 1 . . . . Garrison Access . | . . . . . . . . Total Hacks 91 | . 6 37 18 19 1 . 10 Successful 33 | . 3 14 5 5 1 . 5 Failed 58 | . 3 23 13 14 . . 5 Catastrophic 20 | . 1 7 4 5 . . 3 Database Lockouts . | . . . . . . . . Manual 43 | . 5 15 10 9 . . 4 Terminals 64 | . 6 24 13 15 . . 6 Fabricators . | . . . . . . . . Repair Stations 11 | . . 4 . 3 . . 4 Recycling Units 5 | . . 4 . 1 . . . Scanalyzers 10 | . . 5 5 . . . . Garrison Access . | . . . . . . . . Terminal Hacks 15 | . 3 6 1 3 1 . 1 Record 2 | . . . 1 1 . . . Open Door 1 | . . . . . 1 . . Open DSF 1 | . . . . 1 . . . Level Access Points 1 | . . 1 . . . . . Alert Level 1 | . . 1 . . . . . Unreport Threat 1 | . . 1 . . . . . Coupling Status 1 | . 1 . . . . . . Hauler Manifests 1 | . . 1 . . . . . Zone Layout 6 | . 2 2 . 1 . . 1 Fabricator Hacks . | . . . . . . . . Repair Station Hacks 7 | . . 1 . 2 . . 4 Scan Component 4 | . . 1 . 1 . . 2 Repair 3 | . . . . 1 . . 2 Recycling Unit Hacks 3 | . . 3 . . . . . Report Inventory 2 | . . 2 . . . . . Retrieve Components 1 | . . 1 . . . . . Scanalyzer 8 | . . 4 4 . . . . Insert Component 4 | . . 2 2 . . . . Analyze 4 | . . 2 2 . . . . Garrison Access Hacks . | . . . . . . . . Unauthorized Hacks . | . . . . . . . . Terminals . | . . . . . . . . Fabricators . | . . . . . . . . Repair Stations . | . . . . . . . . Recycling Units . | . . . . . . . . Scanalyzers . | . . . . . . . . Garrison Access . | . . . . . . . . Data Cores Recovered 3 | . . 1 1 1 . . . Used 1 | . . . 1 . . . . Hacking Detections 27 | . 3 9 6 5 . . 4 Full Trace Events 12 | . . 4 3 4 . . 1 Feedback Events . | . . . . . . . . Feedback Blocked . | . . . . . . . . Robot Schematics Acquired . | . . . . . . . . Robots Built . | . . . . . . . . Authchips . | . . . . . . . . Time . | . . . . . . . . Total Robot Build Rating . | . . . . . . . . Part Schematics Acquired 3 | . . 2 1 . . . . Parts Built . | . . . . . . . . Authchips . | . . . . . . . . Time . | . . . . . . . . Total Part Build Rating . | . . . . . . . . Parts Repaired 3 | . . . . 1 . . 2 Time 96 | . . . . 44 . . 52 Parts Recycled . | . . . . . . . . Recycled Matter . | . . . . . . . . Retrieved Matter . | . . . . . . . . Retrieved Components 10 | . . 10 . . . . . Parts Scanalyzed 4 | . . 2 2 . . . . Part Schematics Acquired 3 | . . 2 1 . . . . Parts Damaged . | . . . . . . . . Bothacking | -11 -10 -9 -8 -7 -7 -7 -6 ------------ Run | Jun Mat Mat Mat Fac Low Low Fac Used RIF Installer . | . . . . . . . . Robots Hacked . | . . . . . . . . Non-combat . | . . . . . . . . Combat . | . . . . . . . . Robot Hacks Applied . | . . . . . . . . Relay Couplers Released . | . . . . . . . . Fabnet Peak Effective % . | . . . . . . . . Robots Rewired . | . . . . . . . . Allies Hacked . | . . . . . . . . Hacks Repelled . | . . . . . . . . Allies | -11 -10 -9 -8 -7 -7 -7 -6 -------- Run | Jun Mat Mat Mat Fac Low Low Fac Total Allies . | . . . . . . . . Largest Group . | . . . . . . . . Highest-Rated Group . | . . . . . . . . Highest-Rated Ally . | . . . . . . . . Total Orders . | . . . . . . . . Ally Attacks . | . . . . . . . . Total Damage . | . . . . . . . . Kills . | . . . . . . . . Allies Corrupted . | . . . . . . . . Allies Melted . | . . . . . . . . Intel | -11 -10 -9 -8 -7 -7 -7 -6 ------- Run | Jun Mat Mat Mat Fac Low Low Fac Robot Analysis Total . | . . . . . . . . Derelict Logs Recovered 1 | . . . . . 1 . . Drone Launches . | . . . . . . . . Drone Recoveries . | . . . . . . . . Exploration | -11 -10 -9 -8 -7 -7 -7 -6 ------------- Run | Jun Mat Mat Mat Fac Low Low Fac Turns Passed 7555 | 134 1050 1023 1105 2147 870 114 1112 Spaces Moved 3788 | 92 791 506 412 954 492 37 504 Core 33 | 17 . . . . . . 16 Treads 2551 | . . 368 412 954 492 37 288 Legs . | . . . . . . . . Wheels 1204 | 75 791 138 . . . . 200 Hover . | . . . . . . . . Flight . | . . . . . . . . Fastest Speed 50 | 50 80 95 170 160 160 160 50 Average Speed 141 | 77 94 149 170 168 160 160 125 Slowest Speed 245 | 150 125 170 170 245 160 160 240 Overloaded Moves . | . . . . . . . . Propulsion Burnouts . | . . . . . . . . Robots Hopped . | . . . . . . . . Cave-ins Triggered . | . . . . . . . . Exploration Rate (%) 40 | 4 94 45 44 35 76 11 14 Regions Visited 7 Branch Regions 2 Pre-discovered Areas . | . . . . . . . . Known Exits Taken 6 | . 1 1 1 1 1 1 . Unknown Exits Taken 1 | 1 . . . . . . . Scrap Searched 2 | . . . . . 1 1 . Spaces Dug 7 | . . 1 1 4 . . 1 Terrain Destroyed 163 | 7 36 43 1 22 . 14 40 Melee 7 | . . 1 1 4 . . 1 Projectile . | . . . . . . . . AOE 156 | 7 36 42 . 18 . 14 39 Terrain Rammed . | . . . . . . . . Walls Destroyed . | . . . . . . . . Machines Disabled . | . . . . . . . . Actions | -11 -10 -9 -8 -7 -7 -7 -6 --------- Run | Jun Mat Mat Mat Fac Low Low Fac Total 5089 | 126 942 647 619 1319 545 63 828 Wait 523 | . 24 20 65 235 26 4 149 Move 3781 | 91 790 505 411 953 491 36 504 Hop . | . . . . . . . . Pick Up 105 | 13 23 15 10 13 9 1 21 Fast Attach 14 | 3 2 1 2 1 . . 5 Attach 72 | 4 9 8 5 14 4 6 22 Detach 5 | . . . . 1 . . 4 Swap 69 | 1 6 8 18 23 1 2 10 Drop 58 | 1 12 12 10 7 3 1 12 Fire 434 | 13 76 77 97 68 11 13 79 Melee 28 | . . 1 1 4 . . 22 Ram . | . . . . . . . . Kick . | . . . . . . . . Crush . | . . . . . . . . Escape Stasis . | . . . . . . . . Rewire . | . . . . . . . . Trap . | . . . . . . . . Miscellaneous . | . . . . . . . . Route ------- -11/Junkyard -10/Materials (discovered 4 exits: *Mat x3 / *Min) -9/Materials (discovered 3 exits: *Mat x3) -8/Materials (discovered 2 exits: *Fac x2) -7/Factory -7/Lower Caves -7/Lower Caves -6/Factory History --------- Turn | Location | Event 8 | -11/Junkyard | Discovered new exit (range 16) 135 | -11/Junkyard | Entered Materials 277 | -10/Materials | Discovered new exit (range 9) 315 | -10/Materials | Build established: Mutant 385 | -10/Materials | Discovered new exit (range 14) 677 | -10/Materials | Identified exit to Mines 703 | -10/Materials | Discovered new exit (range 16) 716 | -10/Materials | Identified exit to Materials 1031 | -10/Materials | Discovered exit to Materials (range 8) 1185 | -10/Materials | Entered another Materials area 1185 | -9/Materials | Evolved 2 slots: Utility x2 1243 | -9/Materials | Identified exit to Materials 1993 | -9/Materials | Build established: Scavenger-Mutant 2208 | -9/Materials | Entered another Materials area 2208 | -8/Materials | Evolved 2 slots: Utility x2 2670 | -8/Materials | Discovered new exit (range 11) 2834 | -8/Materials | Build established: Scavenger-Skirmisher 2948 | -8/Materials | Discovered new exit (range 14) 2980 | -8/Materials | Identified exit to Factory 3313 | -8/Materials | Entered Factory 3313 | -7/Factory | Evolved 2 slots: Propulsion x1, Weapon x1 3314 | -7/Factory | Destroyed 7 combat bots 3479 | -7/Factory | Identified exit to DSF 3900 | -7/Factory | Build established: Skirmisher 3977 | -7/Factory | Repaired Remote Datajack 4637 | -7/Factory | Lost 3 parts (1p2n) 4679 | -7/Factory | Garrison activated, responded to threat 4711 | -7/Factory | Lost 3 parts (2n1w) 4989 | -7/Factory | Cargo convoy interrupted 5206 | -7/Factory | Build established: Scavenger-Skirmisher 5428 | -7/Factory | Core integrity fell below 50% 5454 | -7/Factory | Discovered new exit (range 4) 5459 | -7/Factory | Identified exit to Lower Caves 5460 | -7/Factory | Entered Lower Caves 5484 | -7/Lower Caves | Lost 4 parts (1p1n2u) 5875 | -7/Lower Caves | Identified exit to Lower Caves 6330 | -7/Lower Caves | Entered another Lower Caves area 6354 | -7/Lower Caves | Core integrity fell below 20% 6371 | -7/Lower Caves | Lost 3 parts (1p1n1u) 6431 | -7/Lower Caves | Discovered new exit (range 9) 6442 | -7/Lower Caves | Identified exit to Factory 6444 | -7/Lower Caves | Lost 4 parts (1p1n1u1w) 6444 | -7/Lower Caves | Entered Factory 6444 | -6/Factory | Evolved 2 slots: Utility x2 6946 | -6/Factory | Repaired Lgt. Treads 6974 | -6/Factory | Repaired Lgt. Treads 7119 | -6/Factory | Lost 5 parts (2u3w) 7232 | -6/Factory | Lost 4 parts (2n1u1w) 7556 | -6/Factory | Self-destructed Last Messages --------------- 07516_ Acquired 35 matter. 07528_ ALERT: Rogue bot located, Programmers report to Factory Zone 1H. 07529_ Slug penetrates Wall. 07534_ Penetrated by Slug. 07536_ Slug penetrates Wall. 07536_ Wheel destroyed. 07537_ K-01 Serf collects debris. 07538_ Gatling Laser destroyed. 07538_ Penetrated by Slug. 07539_ K-01 Serf destroyed. 07541_ Penetrated by Slug. 07546_ Imp. Heat Sink destroyed. 07549_ Penetrated by Slug. 07549_ Structural Scanner destroyed. 07549_ Wheel destroyed. 07552_ K-01 Serf collects debris. 07552_ Enh. Autogun destroyed. 07554_ Penetrated by Slug. 07555_ Enh. Autogun destroyed. Map ----- +----------------------------------------------------+ | ?????????????????????????????????????????????????? | | ?????????????????????????????????????????????????? | | ?????????????????????????????????????????????????? | | ?????????????????????????????????????????????????? | | ?????????????????????????????????????????????????? | | ?????????????????????????????????????????????????? | | ??????????????????????????? ?????????????????????? | | ?????????????????????????? # ????????????????? | | ?????????????????????????? ##????????????????? | | ?????????????????????????? ##????????????????? | | ?????????????????????????? ##????????????????? | | ?????????????????????????? ##????????????????? | | ???????????????????????? # ##????????????????? | | ???????????????????????? # ##????????????????? | | ???????????????????????? # ##????????????????? | | ???????????????????????? # ##????????????????? | | ???????????????????????? # # ????????????????? | | ???????????????????????? # # ????????????????? | | ???????????????????????? # # ????????????????? | | ??????????### # # ????????????????? | | ??????????############+### # ????????????????? | | ??????????## # ????????????????? | | ??????????## !%! # ????????????????? | | ??????????## + ????????????????? | | ??????????## h # ????????????????? | | ??????????## h @=%* # ????????????????? | | ??????????###?#+########## ! # ????????????????? | | ?????????????? #### # ????????? ###### | | ????????????????????????## ##?????????######## | | ????????????????????????## ##?????????## | | ????????????????????????##= * ############# """ | | ??????????? #### = ############# """ | | ???????????###############! k # #### """ | | ???????????## # # """ #### | | ???????????## # # """ #### """ | | ???????????## # # """ #### """ | | ???????????## """ """ # # #### """ | | ???????????## """ """ # # """ #### | | ???????????## """ """ + # """S"" + + | | ???????????## #^ ^# """""" #### | | ???????????## """ """ # ^ # #### | | ???????????## """ """ # #####+############# | | ???????????## """ """ # | | ???????????## # | | ???????????## !# | | ???????????############### | | ???????????############### | | ?????????????????############+######+##### T##### | | ?????????????????##* # ######### | | ?????????????????## # = ######?## | +----------------------------------------------------+ Best States ------------- Heat Dissipation 61 Coolant Potential 65 Energy Generation 16 Energy Capacity 290 Matter Stores 300 Matter Capacity 300 Sight Range 20 Robot Scan Range 15 Terrain Scan Range 16 Terrain Scan Density 210 Armor Coverage 300 Propulsion Shielding 33 Evasion (%) 50 Recoil Reduction 3 Salvage Targeting 4 Offensive Hacking 20 Item Schematics ----------------- Hacking Suite | -9/Materials | Scanalyzed Datajack | -9/Materials | Scanalyzed Imp. Sensor Array | -8/Materials | Scanalyzed Robot Schematics ------------------ None Fabricated ------------ Nothing Alien Tech Used ----------------- None Achievements -------------- Omniscient Cartographer Challenges ------------ None Game ------ Seed MiniHeatBrace Manual? 0 Play Time 01:39:45 Cumulative 26.4 hours Start 2023.06.05 @ 22:20:50 End 2023.06.06 @ 00:01:18 Sessions 1 Manual Loads 0 Difficulty Rogue Special Mode None Game No. 16 Rogue 16 Adventurer 0 Explorer 0 Win Type - Total 0 Types 0/0/0/0/0/0/0/0/0 Lore% 11 Gallery% 35 Achievement% 19 Wizard Run 0 Options --------- ASCII 0 Keyboard 0 Movement Mouse Keybinds 0 Fullscreen 1 Font 16/SmallcapsGlow Map View 50x54 Tactical HUD 1 Map Filters NONE Filters NONE Steam 1 RUN: 8e4b0551-151b-47f7-b102-5d3469611d49